[Event "Silves Open 2025"]
[Site "Fissul"]
[Date "2025.03.05"]
[Round "6.13"]
[White "Esteves, Goncalo Maria Franco"]
[Black "Prata, Jose"]
[Result "1/2-1/2"]
[Annotator "TA"]
[ECO "D00"]
[WhiteElo "1962"]
[BlackElo "1839"]
[PlyCount "118"]
[EventDate "2025.03.03"]
[EventType "swiss"]
[EventCountry "POR"]
[SourceTitle "playchess.com"]
[Source "ChessBase"]
[SourceQuality "1"]
[TimeControl "5400+30"]

1. d4 d5 2. e3 Nf6 3. Bd3 c6 4. f4 g6 5. Nd2 Bg7 6. Ngf3 {[%emt 0:00:30] D00: 1 d4 d5: Unusual lines.} O-O 7. O-O b6 8. Qe2 c5 9. c3 Bb7 10. Ne5 e6 11. Qf3 Nc6 12. Nxc6 $146 (12. g4 Nd7 13. Qh3 f5 14. Nxd7 Qxd7 15. Nf3 e5 16. Nxe5 Nxe5 17. fxe5 fxg4 18. Qg2 c4 19. Rxf8+ Rxf8 {0-1 Koellner,R (2481)-Bortnyk,O (2608) Titled Tuesday intern op 24th Sep Late blitz 2024 (6)}) 12... Bxc6 13. g4 Qc7 14. h4 Qb7 (14... Qd7 $15 {was preferable.}) 15. Qh3 Ne4 (15... h5 $15 16. gxh5 Bd7 (16... Nxh5 17. Nf3 $11)) 16. Nf3 f5 17. h5 (17. g5 $11) 17... Rae8 (17... fxg4 $17 18. Qxg4 gxh5 19. Qxh5 Rf5) 18. hxg6 $11 hxg6 19. g5 Kf7 (19... Qb8 20. a4 Qc7 21. Qh2 Rc8) 20. Qh7 e5 21. Nxe5+ $16 (21. fxe5 $2 Rh8 22. Bxe4 Rxh7 $19) 21... Rxe5 22. fxe5 {[%emt 0:00:30][%csl Oe5] White has a strong passed pawn} Qe7 23. Bxe4 dxe4 24. Qh4 Rh8 25. Qf4 Rh5 26. Rf2 Rxg5+ 27. Rg2 Rh5 28. b3 ({White should try} 28. Qg3 $1 $16 g5 29. c4) 28... Bh6 $14 29. Qg3 Rg5 30. Qf2 Rh5 $2 (30... Kg7 $1 $11 {and Black stays safe.}) 31. Rh2 $1 $18 Rg5+ (31... Qg5+ $142 32. Qg2 Ke6 33. Qxg5 Bxg5 34. Rxh5 gxh5) 32. Kf1 Bg7 33. Rh4 {[%emt 0:00:30] Wards off Rg4} cxd4 34. exd4 e3 35. Qxe3 ({White must play} 35. Bxe3 $16 Rg2 36. Qf4) 35... Rg2 (35... Rg1+ $1 $11 36. Qxg1 (36. Kxg1 Qxh4 37. Qe2 Qg3+ 38. Kf1 Qh3+ 39. Kf2 Qh4+ 40. Kf1 b5 $11) 36... Qxh4 37. e6+ Kxe6 (37... Kf6 38. Be3 $16) 38. Qxg6+ Bf6) 36. Rh7 (36. Rh3 $1 $16) 36... Kg8 $11 37. Qh6 Qf8 {[%emt 0:00:30] [#]} (37... Rg4 $14) 38. Rxg7+ $1 Qxg7 39. Qxg7+ Kxg7 $16 {[%emt 0:00:30][%mdl 4096] Endgame KRB-KRB. White is a pawn up.} 40. c4 Be4 41. Ba3 (41. d5 $16 Rh2 42. e6) 41... Rh2 $11 {[%emt 0:00:30] Hoping for ...Rh1+.} 42. Bc1 $2 {[%emt 0:00:30] [#]} (42. Re1 $11) 42... g5 $1 {[%emt 0:00:30][%mdl 1536] Black has strong compensation.} 43. Be3 (43. d5 f4) 43... f4 44. Bg1 (44. Re1 $17) 44... Rc2 $2 (44... Bd3+ 45. Ke1 Re2+ 46. Kd1 Rg2) 45. d5 $2 (45. Bf2 g4 46. Re1) 45... Kf8 $2 (45... Bd3+ $2 46. Ke1 $19) (45... g4 $19 46. Bd4 g3 47. e6+ Kf8 (47... Kg6 $2 48. Be5 $19)) 46. e6 $2 (46. Rd1 $1 $11) 46... Ke7 $2 (46... g4 $1 $19 47. Rd1 g3 (47... Rxa2 $2 48. d6 $18)) 47. Bd4 $2 (47. Bf2 $11 {and White stays safe.}) 47... g4 $1 $19 48. Re1 Bg6 (48... Bd3+ $17 49. Kg1 f3 50. d6+ (50. Bf2 $2 g3 $19) 50... Kxd6) 49. Be5 (49. Re5 $14 {stays ahead.}) 49... f3 $2 {[%emt 0:00:30] [#]} (49... Bd3+ $1 $17 {keeps the pressure on.} 50. Kg1 f3 51. d6+ Kxe6 52. Bg3+ Be2) 50. Re3 $2 (50. Rd1 $1 $18 Be8 51. a4) 50... Rxa2 (50... Rc1+ $1 $11 {keeps the balance.} 51. Kf2 Rc2+ 52. Kg1 Rc1+ 53. Kf2) 51. Bg3 $16 Ra1+ ({Better is} 51... Rd2 $18 52. Ke1 Rd4) 52. Be1 $2 (52. Re1 $16 Rxe1+ 53. Kxe1) 52... Rd1 (52... g3 $1 $15 53. Rxf3 g2+ 54. Kxg2 Rxe1) 53. Kf2 $14 a5 {[%emt 0:00:30] [#]} 54. Kg3 $1 Rd3 $2 (54... Bf5 $2 55. Kf4 Kf6 56. e7 $18 (56. Bh4+ Kg6 $18)) (54... Bd3 $16) 55. Bf2 $2 (55. Rxd3 $18 {Hoping for d6+.} Bxd3 56. Kf4 (56. Kxg4 a4 $18)) 55... Rxe3 56. Bxe3 Bc2 57. Bxb6 (57. Kf4 $16 {Threatening mate with Ke5.} Bxb3 58. Ke5) 57... Bxb3 $11 {[%emt 0:00:30] The position is equal.} 58. Bc5+ (58. Kxg4 Bxc4 59. Bc5+ (59. Kxf3 Bxd5+ 60. Ke3 Bg2 $11) 59... Kf6 (59... Ke8 60. Kxf3 Bxd5+ 61. Ke3 $11)) 58... Kf6 $1 59. Bd4+ Ke7 {[%emt 0:00:30] Quite a comeback for White.   Weighted Error Value: White=0.72/Black=0.69  Loses game:     	White=4     	Black=3      Missed win:     	White=2     	---        Mistake:       	White=9     	Black=12     Inaccurate:     	White=5     	Black=1      OK:         	White=11    	Black=17     Best:        	White=7     	Black=3      Strong:       	White=2     	Black=2} 1/2-1/2

[Event "Silves Open 2025"]
[Site "Fissul"]
[Date "2025.03.05"]
[Round "6.14"]
[White "Crow, Steve"]
[Black "Santos, Joao Artur Almeida"]
[Result "0-1"]
[Annotator "TA"]
[ECO "B23"]
[WhiteElo "1742"]
[BlackElo "1950"]
[PlyCount "110"]
[EventDate "2025.03.03"]
[EventType "swiss"]
[EventCountry "POR"]
[SourceTitle "playchess.com"]
[Source "ChessBase"]
[SourceQuality "1"]
[TimeControl "5400+30"]

1. e4 c5 2. Nc3 Nc6 3. f4 g6 4. Nf3 Bg7 5. Bb5 Nd4 6. a4 e6 7. O-O Ne7 {[%emt 0:00:32] B23: Closed Sicilian: Lines without g3.} 8. d3 (8. Nxd4 $11 Bxd4+ 9. Kh1) 8... O-O $1 $15 9. Bc4 b6 {[%emt 0:07:28] Black is better.} 10. Ne2 (10. e5 $15) 10... d5 (10... Nxf3+ $142 11. gxf3 d5) 11. Ba2 (11. Nexd4 $142 dxc4 (11... cxd4 12. Bb3 $15) 12. Nb5) 11... dxe4 $146 {[%emt 0:00:36] Black is more active.} (11... Nxf3+ 12. Rxf3 dxe4 13. Rf1 exd3 14. cxd3 Ba6 15. Bc4 Bxc4 16. dxc4 Nc6 17. Nc3 Qd4+ 18. Qxd4 Bxd4+ {0-1 Rzeszowski,D (1869)-Ruiz Villalba,A (1741) FIDE World Uni Rapid-E 1st 2021 (8)}) 12. dxe4 Nxf3+ 13. gxf3 Ba6 14. c4 (14. Qe1 $17) 14... Nc6 $19 15. e5 (15. Nc3 $142) 15... Nb4 16. b3 Bb7 17. Bd2 (17. Bb1 {might work better.}) 17... Nxa2 (17... f6 $19 18. Bxb4 cxb4) 18. Rxa2 $17 Qd3 19. Kg2 (19. Qc2 $17 Rad8 (19... Qxe2 20. Rf2 $15) 20. Qxd3 Rxd3 21. Nc1 Rxf3 22. Rxf3 Bxf3 23. a5) 19... Rfd8 20. Nc1 Qf5 21. Qe1 Bh6 22. Ne2 (22. Qh4 $17) 22... Rd3 $19 23. Nc1 {[%emt 0:00:00] [#]} (23. Qh4 Rad8 24. Bc1) 23... Rxf3 $2 24. Rxf3 $17 {[%emt 0:00:00][%cal Oe1g3] Threatens to win with Qg3!.} Qg4+ 25. Qg3 Bxf3+ {[%emt 0:00:05] A strong pair of Bishops.} 26. Kf2 Qxg3+ 27. hxg3 Be4 28. g4 Bg7 29. Ke3 Bc6 $36 {[%emt 0:00:20][%cal Og6g5][%mdl 2048] Black is in control.} 30. g5 h6 31. Bc3 Rd8 32. Nd3 Bf8 33. Ra1 hxg5 34. fxg5 Be7 35. Rg1 Kg7 36. Bb2 Rh8 37. Rg3 (37. Nf2 $142) 37... Rh5 $19 38. Kf4 Rh4+ 39. Rg4 $2 (39. Ke3 {is the only way for White.}) 39... Rh3 {[%emt 0:00:19] Black is clearly winning.} 40. Rg3 Rxg3 41. Kxg3 Bxg5 42. Bc1 Bxc1 43. Nxc1 {[%emt 0:00:01][%mdl 4096] Endgame KB-KN. Black is two pawns up.} f6 44. Kf4 g5+ 45. Kg4 Kg6 46. exf6 Kxf6 47. Nd3 Be4 48. Nc1 Bc2 49. Kf3 Ke5 50. Ke3 g4 {[%emt 0:00:04] White must now prevent ...g3.} 51. Kf2 Kd4 52. Ne2+ Ke4 53. Nc3+ Kd3 54. Ne2 Bxb3 55. Nf4+ Kxc4 {[%emt 0:00:05] Weighted Error Value: White=0.54/Black=0.21 (precise)   Missed win:     	---       	Black=1      Mistake:       	White=11    	Black=2      Inaccurate:     	White=5     	Black=2      OK:         	White=6     	Black=16     Best:        	White=2     	---        Strong:       	---       	Black=1} 0-1

[Event "Silves Open 2025"]
[Site "Fissul"]
[Date "2025.03.05"]
[Round "6.16"]
[White "Silverio, Vitor Luis De Jesus"]
[Black "Pena, Helio Adelino Silva"]
[Result "1/2-1/2"]
[Annotator "TA"]
[ECO "C30"]
[WhiteElo "2143"]
[BlackElo "1842"]
[PlyCount "80"]
[EventDate "2025.03.03"]
[EventType "swiss"]
[EventCountry "POR"]
[SourceTitle "playchess.com"]
[Source "ChessBase"]
[SourceQuality "1"]
[TimeControl "5400+30"]

1. e4 e5 2. f4 Nc6 3. Nf3 d6 4. Bc4 h6 5. O-O Nf6 (5... exf4 $17 6. b3 g5) 6. d3 $14 {[%emt 0:00:30] C30: King's Gambit Declined.} Be7 7. c3 a6 8. a4 $146 {[%emt 0:00:30] White has an edge.} (8. Qe2 O-O 9. f5 Re8 10. Bb3 Na5 11. h3 Nxb3 12. axb3 Kh7 13. c4 c6 14. g4 {½-½ Belu,A-Mathe,K ROM-ch sf U14 Girls 2001 (8)}) 8... Bg4 9. h3 Bxf3 10. Qxf3 exf4 11. Bxf4 Ne5 12. Bxe5 dxe5 {[%emt 0:00:30] [#]} 13. b4 (13. Qg3 $1 $16) 13... O-O (13... Bxb4 {looks sharper.} 14. Qg3 O-O 15. cxb4 Qd4+) 14. Na3 c6 15. Nc2 Qc7 16. Ne3 g6 17. Ng4 (17. a5 $16) 17... Nxg4 $11 18. Qxg4 {[%emt 0:00:30] Black is weak on the light squares} Kg7 19. Rf3 (19. Kh1 $11) 19... h5 $15 20. Qg3 h4 ({Black should play} 20... b5 $15 21. axb5 cxb5) 21. Qg4 $11 {[%emt 0:00:30] Raf1 poses a challenge} Qc8 22. Raf1 Qxg4 23. Rxf7+ Rxf7 24. Rxf7+ (24. hxg4 $2 {perishes.} Rxf1+ 25. Kxf1 Rf8+ 26. Kg1 b5 27. axb5 axb5 $19 (27... cxb5 $2 28. Be6 $19)) 24... Kh6 25. hxg4 $14 {[%emt 0:00:30][%mdl 4096] Endgame KRB-KRB. White is a pawn up.} Re8 {[%emt 0:00:30] [#]} (25... Bg5 $14) 26. Kf2 {[%emt 0:00:30] White is more active.} (26. a5 $1 $16) 26... Rf8 (26... b5 $5 27. axb5 axb5 $16) 27. Rxf8 Bxf8 {[%emt 0:00:30] KB-KB. White is a pawn up.} 28. Ke3 c5 29. bxc5 Bxc5+ 30. d4 Bd6 31. Bf7 Kg5 32. Kf3 a5 33. Be8 b6 34. Bd7 Bc7 35. Ke3 Bd6 36. Kf3 Bc7 37. d5 Bd6 38. g3 hxg3 39. Kxg3 Bc5 40. Kf3 Kf6 {[%emt 0:00:30] Weighted Error Value: White=0.22 (precise) /Black=0.22 (precise)   Mistake:       	White=4     	Black=2      Inaccurate:     	White=2     	Black=7      OK:         	White=12    	Black=11     Best:        	---       	Black=3} 1/2-1/2

[Event "Silves Open 2025"]
[Site "Fissul"]
[Date "2025.03.05"]
[Round "6.17"]
[White "Moldovan, Lucas Gabriel"]
[Black "Albuquerque, Eduardo Ferreira"]
[Result "0-1"]
[Annotator "TA"]
[ECO "B24"]
[WhiteElo "1992"]
[BlackElo "1897"]
[PlyCount "64"]
[EventDate "2025.03.03"]
[EventType "swiss"]
[EventCountry "POR"]
[SourceTitle "playchess.com"]
[Source "ChessBase"]
[SourceQuality "1"]
[TimeControl "5400+30"]

1. e4 c5 2. Nc3 e6 3. g3 Nc6 4. Bg2 Nf6 5. f4 d5 6. e5 Nd7 7. d3 {[%emt 0:00:30] B24: Closed Sicilian: 3 g3 sidelines.} Rb8 8. Nce2 f6 $146 ({Predecessor:} 8... b5 9. c4 bxc4 10. dxc4 Nb6 11. b3 Bb7 12. cxd5 Nxd5 13. Bd2 Be7 14. Nf3 Qb6 {0-1 Mengelkamp,A-Riggs,R Belconnen CC-ch 1994}) 9. exf6 {[%emt 0:00:30] The position is equal.} Nxf6 10. Nf3 Bd6 11. O-O O-O 12. c4 Qc7 13. Nc3 a6 {[%emt 0:00:30] Prevents Nb5.} 14. b3 (14. Ng5 $142) 14... b5 15. Nd2 (15. Ng5 $11) 15... b4 16. Ne2 (16. Na4 $1 $11) 16... Bb7 17. Nf3 Rbe8 18. Bb2 e5 19. fxe5 Nxe5 20. Nxe5 Bxe5 21. Bxe5 (21. Qd2 $1 $15) 21... Qxe5 $17 ({Resist} 21... Rxe5 22. Nf4 $11) 22. Nf4 Qd4+ 23. Kh1 {[%emt 0:00:30] [#]} g5 $1 $36 {[%emt 0:00:30][%mdl 2048] Black is on the roll. Black is much more active.} 24. Nh3 {[%emt 0:00:30] [#]} (24. Bxd5+ $17 Nxd5 (24... Bxd5+ 25. Nxd5 Nxd5 26. cxd5 $17) 25. Nxd5) 24... Ng4 $1 $19 {[%emt 0:00:30] ...Ne3 would now be deadly.} 25. Qd2 Ne3 26. Rxf8+ Rxf8 27. Re1 Nxg2 28. Qxg2 {[%emt 0:00:30] White does not recover from this.} (28. Qxg5+ $17 Qg7 29. Qxg7+ Kxg7 30. Kxg2 dxc4+ 31. Kg1) 28... Ba8 29. Nxg5 dxc4 {[%emt 0:00:30][%cal Od4e3] ( -> ...Qe3!)} 30. Ne4 cxd3 {[%emt 0:00:30] Black mates.} 31. h4 d2 32. Nf6+ Qxf6 {[%emt 0:00:30] Weighted Error Value: White=0.73/Black=0.14 (very precise)   Loses game:     	White=1     	---        Mistake:       	White=5     	---        Inaccurate:     	White=1     	Black=3      OK:         	White=6     	Black=5      Best:        	White=3     	Black=2      Strong:       	---       	Black=2} 0-1

[Event "Silves Open 2025"]
[Site "Fissul"]
[Date "2025.03.04"]
[Round "6.18"]
[White "Almeida, Marta Dias"]
[Black "Sanchez Guirado, Francisco"]
[Result "1/2-1/2"]
[Annotator "TA"]
[ECO "E94"]
[WhiteElo "1790"]
[BlackElo "2286"]
[PlyCount "50"]
[EventDate "2025.03.03"]
[EventType "swiss"]
[EventCountry "POR"]
[SourceTitle "playchess.com"]
[Source "ChessBase"]
[SourceQuality "1"]
[TimeControl "5400+30"]

1. d4 Nf6 2. c4 g6 3. Nc3 Bg7 4. Nf3 O-O 5. e4 d6 6. Be2 e5 7. O-O Na6 8. d5 Nc5 9. Qc2 a5 10. Be3 b6 11. b3 {[%emt 0:01:03] E94: King's Indian: Classical: 6 Be2 e5 7 0-0: Various Black 7th moves.} Ng4 12. Bd2 (12. Bxc5 {simplifies} bxc5 13. h3 Nf6 14. Nh2) 12... f5 13. h3 $146 ({Predecessor:} 13. Bg5 Bf6 14. Bxf6 Nxf6 15. exf5 Bxf5 16. Qd2 Qe7 17. Rae1 Rae8 18. Qe3 {0-1 Peycheva,G (2218)-Parvanyan,A (2431) Munich Pfingst op-A 1st 2023 (2)}) 13... fxe4 14. Ng5 Nf6 (14... e3 $15 {was preferable.} 15. Bxg4 Rxf2 16. Rxf2 Qxg5 17. Bxc8 Rxc8 (17... exf2+ $2 {is the wrong capture.} 18. Kf1 $18)) 15. Ngxe4 Nfxe4 16. Nxe4 Bf5 17. Bd3 {[%emt 0:05:07] The position is equal.} Nxd3 18. Qxd3 Qh4 19. f3 Bh6 20. Bxh6 Qxh6 21. a3 Rf7 22. b4 Bxe4 23. fxe4 Rxf1+ 24. Rxf1 axb4 25. axb4 Rf8 {[%emt 0:07:42] Weighted Error Value: White=0.10 (very precise) /Black=0.09 (flawless)   Mistake:       	---       	Black=1      Inaccurate:     	White=2     	Black=1      OK:         	White=2     	Black=6} 1/2-1/2

[Event "Silves Open 2025"]
[Site "Fissul"]
[Date "2025.03.05"]
[Round "6.21"]
[White "Avelino, Camila Biscaya"]
[Black "Jeremias, Damaim"]
[Result "1-0"]
[Annotator "TA"]
[ECO "B42"]
[WhiteElo "1906"]
[BlackElo "1690"]
[PlyCount "91"]
[EventDate "2025.03.03"]
[EventType "swiss"]
[EventCountry "POR"]
[SourceTitle "playchess.com"]
[Source "ChessBase"]
[SourceQuality "1"]
[TimeControl "5400+30"]

1. e4 c5 2. Nf3 e6 3. d4 cxd4 4. Nxd4 a6 5. c4 Nc6 6. Nxc6 bxc6 7. Nc3 Qc7 8. Bd3 Nf6 9. O-O e5 {[%emt 0:01:43] B42: Sicilian: Kan Variation: 5 Bd3.} 10. Kh1 d6 11. f4 Be7 {[%emt 0:06:26] White is slightly better.} 12. c5 dxc5 13. f5 h6 $146 ({Predecessor:} 13... a5 14. Qe2 a4 15. Nb1 Qa7 16. Nd2 Ba6 17. Nc4 Bxc4 18. Bxc4 Rd8 19. Be3 O-O {½-½ Keskisarja,T (2268)-Blechzin,I (2386) Heart of Finland op 09th 1999}) 14. Be3 {[%emt 0:02:27][%mdl 1024] White sacrificed a pawn White has compensation.} O-O 15. Na4 {[%emt 0:07:11][%csl Oc5] White attacks a weakness} (15. Qe2 $5) 15... Qa5 16. Rc1 Rd8 {[%emt 0:00:55][%cal Od8d3] And now ...Rxd3! would win.} 17. Qc2 {[%emt 0:00:39][%mdl 8192] [#]} (17. Nxc5 $11 {and White is okay.} Qxa2 18. Qe2) 17... Rxd3 $1 $19 18. Qxd3 Qxa4 19. Bxc5 Bxc5 (19... Qxe4 20. Qxe4 Nxe4 21. Bxe7 $16) 20. Rxc5 Qxe4 (20... Qxa2 21. Rxe5 a5 (21... Qxb2 $2 22. Qd8+ Kh7 23. Re7 $19) 22. Qc3 $19) (20... Rb8 $19 21. Rxe5 Rxb2 (21... Qxa2 22. Re7 $15)) 21. Qd8+ $2 (21. Qxe4 $17 Nxe4 22. Rxe5) 21... Kh7 22. Qe7 Qe2 (22... Bxf5 23. Rxe5 Qa4 24. Rexf5 Qxa2 25. Qa3 $16) 23. Rcc1 Qg4 24. Qxe5 Qe4 $2 (24... Qa4 $19 {and Black stays clearly on top.} 25. a3 Bd7) 25. Qxe4 $17 Nxe4 26. Rxc6 f6 (26... Bb7 $17 27. Rc7 Bd5) 27. Rc7 Rb8 28. b3 Bb7 ({Better is} 28... h5 $11) 29. Re1 Bd5 30. Rd7 Bc6 31. Rc7 Ba8 32. Ra7 Bd5 33. Rxa6 Re8 (33... Rc8 $11 34. Ra5 Bb7) 34. Kg1 $14 Rc8 35. Ra5 Bb7 {[%emt 0:02:34] [#]} 36. Ra7 $1 Bd5 37. Rd7 {[%emt 0:01:31] White is more active.} Bc6 {[%emt 0:00:21] [#]} (37... Ba8 $1 $14) 38. Rd4 $1 $18 {[%emt 0:01:10][%cal Oe1c1] Threatens to win with Rc1!.} Ng5 (38... Ra8 39. a4 (39. Rdxe4 Bxe4 40. Rxe4 Rxa2 $14) 39... Ng5) 39. Re7 $2 (39. Rc1 $18) 39... Ba8 $2 (39... Kg8 $16) 40. h4 Rc1+ (40... Ne4 {was called for.} 41. Rdd7 (41. Rdxe4 Bxe4 42. Rxe4 Rc1+ 43. Kh2 Rf1 $18) 41... Rg8 (41... Rc1+ $2 42. Kh2 $18)) 41. Kh2 Nf3+ (41... Rc2 $142 42. hxg5 hxg5) 42. gxf3 Bxf3 43. Rdd7 Rh1+ 44. Kg3 Rg1+ 45. Kxf3 h5 {[%emt 0:00:03] [#]} 46. Rxg7+ $3 {[%emt 0:00:09] What a bad dream for Black.   Weighted Error Value: White=0.34/Black=0.91  Loses game:     	White=2     	Black=1      Missed win:     	---       	Black=2      Mistake:       	White=1     	Black=7      Inaccurate:     	White=6     	Black=6      OK:         	White=6     	Black=5      Best:        	White=5     	Black=3      Strong:       	White=2     	---        Brilliant:      	---       	Black=1} 1-0

[Event "Silves Open 2025"]
[Site "Fissul"]
[Date "2025.03.04"]
[Round "6.22"]
[White "Munno Moyano, Mario"]
[Black "Santos, Jose P"]
[Result "0-1"]
[Annotator "TA"]
[WhiteElo "1755"]
[BlackElo "2273"]
[PlyCount "28"]
[EventDate "2025.03.03"]
[EventType "swiss"]
[EventCountry "POR"]
[SourceTitle "playchess.com"]
[Source "ChessBase"]
[SourceQuality "1"]
[TimeControl "5400+30"]

1. e4 c6 2. d4 d5 3. e5 c5 4. dxc5 e6 5. a3 Bxc5 {[%emt 0:00:22] The position is equal.} 6. b4 {[%emt 0:00:06] B12: Caro-Kann: Advance Variation.} Be7 7. Qg4 g6 8. Bd3 {[%emt 0:00:14][%mdl 32768] An uneventful encounter.   Weighted Error Value: White=0.04 (flawless) /Black=0.00 (flawless)  Loss on time!?  OK:         	---       	Black=2} {Predecessor:} a5 $146 9. b5 Nd7 10. Nf3 h5 11. Qf4 Nh6 12. a4 b6 13. O-O Bb7 14. Nc3 Qc7 {0-1 Haubro,M (2426)-Thybo,J (2602) DEN-ch Svendborg 2021 (3)} 0-1

[Event "Silves Open 2025"]
[Site "Fissul"]
[Date "2025.03.04"]
[Round "6.23"]
[White "Ribeiro, Margarida"]
[Black "De Kruif, Kees"]
[Result "0-1"]
[Annotator "NA RC COMBH"]
[ECO "B42"]
[WhiteElo "1519"]
[BlackElo "1857"]
[PlyCount "36"]
[EventDate "2025.03.03"]
[EventType "swiss"]
[EventCountry "POR"]
[SourceTitle "playchess.com"]
[Source "ChessBase"]
[SourceQuality "1"]
[TimeControl "5400+30"]

1. e4 c5 2. Nf3 d6 3. d4 cxd4 4. Nxd4 Nf6 5. Nc3 a6 6. Bd3 e6 7. O-O Be7 8. Re1 Qc7 9. Be3 O-O 10. f4 Nc6 11. Nf3 b5 12. a3 Bb7 13. Qd2 Ng4 14. h3 Nxe3 15. Qxe3 Na5 16. Rac1 Rfd8 17. Nd2 d5 18. exd5 Bc5 0-1

[Event "Silves Open 2025"]
[Site "Fissul"]
[Date "2025.03.05"]
[Round "6.25"]
[White "Ruiz Esteban, Ruben"]
[Black "Silva, Ana Ines Teixeira Da"]
[Result "1/2-1/2"]
[Annotator "TA"]
[ECO "C47"]
[WhiteElo "1655"]
[BlackElo "1901"]
[PlyCount "63"]
[EventDate "2025.03.03"]
[EventType "swiss"]
[EventCountry "POR"]
[SourceTitle "playchess.com"]
[Source "ChessBase"]
[SourceQuality "1"]
[TimeControl "5400+30"]

1. e4 e5 2. Nf3 Nc6 3. Nc3 Nf6 4. d4 exd4 5. Nxd4 Bb4 6. Nxc6 bxc6 7. Bd3 d5 8. exd5 O-O 9. O-O cxd5 10. Bg5 Be6 11. Qf3 Be7 12. h3 c5 13. b3 Rb8 14. Rad1 {[%emt 0:00:30] C47: Scotch Four Knights and Four Knights with 4 g3.} d4 15. Ne4 Nd5 16. Bxe7 {[%emt 0:00:30] White is slightly better.} Qxe7 17. Rfe1 Nb4 (17... h6 $14) 18. Ra1 $146 (18. Qh5 $16 {[%cal Oe4f6] White threatens Nf6+! and mate.} Nxd3 19. cxd3 (19. Rxd3 c4 $18)) (18. Qh5 Nxd3 19. cxd3 Rfc8 20. Rc1 Rb5 21. Ng5 h6 22. Nxe6 fxe6 23. Re5 Qf7 24. Qe2 {1-0 Woodhouse,S (2066)-Hassall,K (1713) WLS/SRCCC/21/D4 2021 [2]}) 18... Rfc8 $11 19. Nd2 Nxd3 (19... Qc7 {feels hotter.} 20. Qh5 g6 21. Qh4 Qd8) 20. Qxd3 Qd7 {[%emt 0:00:30] The position is equal.} 21. Nc4 Bf5 22. Qd2 Re8 23. Re5 Rxe5 24. Nxe5 Qd5 25. Re1 Re8 26. Nd3 {[%emt 0:00:30][%cal Re1e8] [#]} Rxe1+ 27. Qxe1 {[%emt 0:00:30][%cal Re1e8] KQB-KQN} g6 28. Qa5 Bxd3 29. cxd3 Qf5 30. Qxa7 Qxd3 31. Qb8+ Kg7 32. Qe5+ {[%emt 0:00:30] Weighted Error Value: White=0.16 (very precise) /Black=0.13 (very precise)   Mistake:       	White=1     	Black=1      Inaccurate:     	White=1     	Black=2      OK:         	White=6     	Black=9      Best:        	---       	Black=1} 1/2-1/2

[Event "Silves Open 2025"]
[Site "Fissul"]
[Date "2025.03.05"]
[Round "6.26"]
[White "Ryabukhina, Veronika"]
[Black "Leal, Jose Alberto"]
[Result "1-0"]
[Annotator "NA RC"]
[ECO "D15"]
[WhiteElo "1880"]
[BlackElo "1688"]
[PlyCount "65"]
[EventDate "2025.03.03"]
[EventType "swiss"]
[EventCountry "POR"]
[SourceTitle "playchess.com"]
[Source "ChessBase"]
[SourceQuality "1"]
[TimeControl "5400+30"]

1. d4 d5 2. c4 c6 3. Nc3 dxc4 4. e3 Bf5 5. Bxc4 e6 6. Nf3 Nf6 7. O-O Bd6 {[%emt 0:03:06] D15: Slav Defence: 4 Nc3 a6 and gambit lines after 4 Nc3 dxc4.} 8. Qe2 Ne4 9. Bd3 Nxc3 10. bxc3 Bxd3 11. Qxd3 O-O 12. e4 Nd7 13. e5 Be7 14. Qe4 (14. c4 $14) 14... Qa5 15. Bd2 Qd5 16. Qg4 f5 17. Qg3 Rf7 18. h4 Kf8 (18... b5 $142) 19. Qf4 Ke8 20. g3 h6 21. Qe3 Nf8 22. Qd3 c5 23. c4 Qe4 24. Qe3 {[%emt 0:00:45] [#]} (24. Qb3 $1 $14 {was forced to keep a grip.} Rd8 (24... cxd4 25. Rfe1 $16) 25. Rae1) 24... cxd4 (24... Rd8 $1 $17 25. Bc3 b6) 25. Qxe4 fxe4 26. Nxd4 Bc5 27. Nb3 Bb6 28. Rae1 Rf5 29. Rxe4 Nd7 30. Bc3 $14 Ke7 31. Kg2 a5 32. f4 a4 33. Bb4+ 1-0